 Dungeon Crawl Stone Soup version 0.23.0 (webtiles) character file.

Game seed: 6426123813170351903

101 DrEnzyme the Ducker (level 4, -3/24 HPs)
             Began as a Tengu Enchanter on Feb 10, 2019.
             Killed from afar by Natasha (8 damage)
             ... with a magic dart
             ... on level 3 of the Dungeon.
             The game lasted 00:06:19 (2514 turns).

DrEnzyme the Ducker (Tengu Enchanter)               Turns: 2514, Time: 00:06:20

Health: -3/24      AC:  3    Str:  7 (10) XL:     4   Next: 75%
Magic:  3/8        EV: 14    Int: 14 (15) God:
Gold:   79         SH:  0    Dex: 13 (14) Spells: 4/7 levels left

rFire    . . .     SeeInvis .   a - +1 dagger
rCold    . . .     Gourm    .   (no shield)
rNeg     . . .     Faith    .   b - +0 robe
rPois    .         Spirit   .   (helmet restricted)
rElec    .         Reflect  .   (no cloak)
rCorr    .         Harm     .   m - +0 pair of gloves
MR       .....                  (boots unavailable)
Stlth    ++........             (no amulet)
HPRegen  0.08/turn              (no ring)
MPRegen  0.11/turn              (no ring)

@: very slightly contaminated
A: beak, talons 3
a: no special abilities


You were on level 3 of the Dungeon.
You were not hungry.

You visited 1 branch of the dungeon, and saw 4 of its levels.

You collected 79 gold pieces.

Inventory:

Hand Weapons
 a - a +1 dagger (weapon)
Armour
 b - a +0 robe (worn)
 m - a +0 pair of gloves (worn)
Scrolls
 e - 3 scrolls of identify {unknown}
 g - a scroll of immolation {unknown}
 h - a scroll of enchant weapon {unknown}
 k - a scroll of fog {unknown}
 l - a scroll of enchant armour {unknown}
Potions
 c - 3 potions of degeneration
 d - a potion of might {unknown}
 i - a potion of curing
 n - a potion of brilliance {unknown}
Comestibles
 f - a ration


   Skills:
 + Level 2.0 Short Blades
 + Level 3.8 Dodging
 + Level 3.6 Stealth
 + Level 2.2 Spellcasting
 + Level 2.5 Hexes


You had 4 spell levels left.
You knew the following spells:

 Your Spells              Type           Power        Failure   Level  Hunger
a - Corona                Hex            #......      9%          1    #......
b - Ensorcelled Hibernat  Hex/Ice        #.....       22%         2    ###....

Your spell library contained the following spells:

 Spells                   Type           Power        Failure   Level  Hunger
 Confuse                  Hex            #.......     26%         3    ###....
 Tukima's Dance           Hex            #.......     26%         3    ###....
 Dazzling Spray           Conj/Hex       #.....       38%         3    ###....


Dungeon Overview and Level Annotations

Branches:
Dungeon (4/15)
 Temple: D:4-7

Altars:
Ashenzari

Annotations:
D:3 exclusions: 2 doors, downstairs, goblin, 2 hobgoblins and 6 more exclusions, Natasha


Innate Abilities, Weirdness & Mutations

You have a beak for a mouth.
You have claws for feet.


Message History

Natasha claws you.
You hit Natasha. You claw Natasha. Your peck misses Natasha.
Natasha is heavily wounded.
Natasha claws you!
You hit Natasha. You peck Natasha.
Natasha is severely wounded.
Natasha stops glowing.
Natasha misses you.
You barely miss Natasha. Your peck misses Natasha.
Natasha is severely wounded.
Natasha claws you.
* * * LOW HITPOINT WARNING * * *
It was a potion of degeneration.
There was something very wrong with that liquid.
You feel weakened.
You feel dopey.
You feel clumsy. Natasha closely misses you.
It was a potion of curing.
You feel better. Natasha claws you.
* * * LOW HITPOINT WARNING * * *
Natasha casts a spell at you. The magic dart hits you!
You die...

........#
#........#
........#
#........#
........#
#........#
........####
###'#########
...........#
#..........<#
...........#
#.....#######
...........+
+..........).
###.###....#
#.......##### #
##....###@......#
#......h........#
#.......†###....#
#........# #....#
#(.......# #....#
#........# #....#
#........# ....#
#........# ..#
#.........


You could see Natasha.

Vanquished Creatures
  A gnoll shaman (D:3)
  Natasha (D:3)
  2 oozes (D:1)
  2 dart slugs (D:1)
  3 leopard geckos
  4 bats (D:1)
  3 giant cockroaches
  3 goblins
  3 hobgoblins
  2 kobolds
  5 frilled lizards
  2 rats
31 creatures vanquished.

Notes
Turn   | Place    | Note
-------+----------+-------------------------------------------
     0 | D:1      | DrEnzyme the Tengu Enchanter began the quest for the Orb.
     0 | D:1      | Reached XP level 1. HP: 10/10 MP: 4/4
   105 | D:1      | Reached XP level 2. HP: 15/15 MP: 6/6
   109 | D:1      | Learned a level 2 spell: Ensorcelled Hibernation
   544 | D:1      | Reached XP level 3. HP: 15/19 MP: 5/7
  2061 | D:3      | Found a shattered altar of Ashenzari.
  2208 | D:3      | Reached XP level 4. HP: 10/24 MP: 4/8
  2462 | D:3      | Noticed Natasha
  2468 | D:3      | Killed Natasha
  2488 | D:3      | Noticed Natasha
  2514 | D:3      | Killed from afar by Natasha

Skill      XL: |  1  2  3  4 |
---------------+-------------+-----
Dodging        | 3 |  3.8
Short Blades   | 2 |  2.0
Stealth        | |  3.6
Spellcasting   | |  2.2
Hexes          | |  2.5

Action                   |  1- 3 |  4- 6 || total
-------------------------+-------+-------++-------
Melee: Dagger            |    67 |    11 ||    78
       Kick              |     9 |     2 ||    11
       Peck              |     3 |     1 ||     4
Throw: Tomahawk          |    22 |       ||    22
 Cast: Ensorcelled Hiber |    13 |     3 ||    16
       Corona            |       |     2 ||     2
  Use: Potion            |       |     2 ||     2
 Stab: Sleeping          |    11 |     2 ||    13
  Eat: Ration            |     2 |       ||     2
Armor: Robe              |    29 |     1 ||    30
Dodge: Dodged            |    72 |     7 ||    79
